 Dungeon Crawl Stone Soup version 0.28.0 (webtiles) character file.

Game seed: 13089915493257087193

119837 Armakuni the Protected (level 15, -2/115 HPs)
             Began as a Human Gladiator on Feb 17, 2022.
             Was the Champion of Ru.
             Killed by divine providence
             ... invoked by a meliai
              (13 damage)
             ... on level 1 of the Spider Nest on Feb 18, 2022.
             The game lasted 01:27:45 (27100 turns).

Armakuni the Protected (Human Gladiator)           Turns: 27100, Time: 01:27:45

Health: -2/115     AC: 28    Str: 18    XL:     15   Next: 35%
Magic:  13/15      EV: 21    Int:  9    God:    Ru [******]
Gold:   1046       SH:  0    Dex: 26    Spells: 14/14 levels left

rFire   + + .      SeeInvis +   a - +6 quarterstaff (freeze)
rCold   + + .      Faith    .   (shield currently unavailable)
rNeg    + . .      Spirit   .   C - +6 scale mail {rPois}
rPois   +          Reflect  .   c - +3 hat of Larott {rF++ rC++ Int-3}
rElec   .          Harm     .   h - +2 cloak {Will+}
rCorr   .          Rampage  .   k - +0 pair of fencer's gloves {Riposte Dex+3}
Will    ++...                   r - +3 pair of boots of Rotation {Stlth+}
Stlth   ..........              R - amulet of regeneration
HPRegen 1.09/turn               A - +4 ring of protection
MPRegen 0.14/turn               D - ring of Qyuff {Contam *Corrode rN+ Dex+8 SInv}

@: corroded
A: no stealth, inability to use devices, hated by all, disrupted magic 1,
inexperienced 1
a: Renounce Religion, Draw Out Power, Power Leap, Apocalypse


You were on level 1 of the Spider Nest.
You worshipped Ru.
Ru was exalted by your worship.
You visited 6 branches of the dungeon, and saw 26 of its levels.
You also visited: Bailey, Gauntlet and Ice Cave.

You collected 3216 gold pieces.
You spent 2170 gold pieces at shops.

Inventory:

Hand Weapons
 a - a +6 quarterstaff of freezing (weapon)
 p - a +2 broad axe of freezing
 w - a +0 vampiric broad axe
Missiles
 i - 39 boomerangs
 B - a curare-tipped dart
 E - 17 javelins
 J - 3 boomerangs of dispersal
 N - 2 throwing nets (quivered)
 T - 2 silver javelins
Armour
 c - the +3 hat of Larott (worn) {rF++ rC++ Int-3}
   (You acquired it on level 13 of the Dungeon)

   Int:       It affects your intelligence (-3).
   rF:        It greatly protects you from fire.
   rC:        It greatly protects you from cold.
 d - a +2 chain mail of willpower
 h - a +2 cloak of willpower (worn)
 k - the +0 pair of fencer's gloves (worn) {Riposte Dex+3}
   (You bought it in a shop on level 2 of the Orcish Mines)

   It allows the wearer to riposte with melee weapons, swiftly retaliating
   against missed attacks.
   Dex:       It affects your dexterity (+3).
 r - the +3 pair of boots of Rotation (worn) {Stlth+}
   (You found it on level 5 of the Dungeon)

   Stlth:     It makes you more stealthy.
 C - a +6 scale mail of poison resistance (worn)
 F - the +3 warlock's mirror {reflect}
   (You acquired it on level 14 of the Dungeon)

   It can block and reflect piercing ranged attacks and magical attacks against
   the wielder's willpower.
Jewellery
 A - a +4 ring of protection (left hand)
 D - the ring of Qyuff (right hand) {Contam *Corrode rN+ Dex+8 SInv}
   (You took it off a necromancer in an ice cave)

   [ring of positive energy]

   Dex:       It affects your dexterity (+8).
   rN:        It protects you from negative energy.
   SInv:      It lets you see invisible.
   Contam:    It causes magical contamination when unequipped.
   *Corrode:  It may corrode you when you take damage.
 H - an amulet of reflection
 K - a ring of resist corrosion
 R - an amulet of regeneration (around neck)
Scrolls
 b - 5 scrolls of identify
 m - 2 scrolls of magic mapping
 n - 9 scrolls of teleportation
 o - 4 scrolls of amnesia
 s - 2 scrolls of enchant weapon
 x - 3 scrolls of blinking
 y - 4 scrolls of fear
 M - 4 scrolls of fog
 S - 3 scrolls of vulnerability
 U - a scroll of noise
Potions
 e - 2 potions of magic
 f - a potion of might
 g - 3 potions of haste
 j - 3 potions of ambrosia
 l - a potion of invisibility
 q - 2 potions of brilliance
 t - 2 potions of mutation
 u - 2 potions of heal wounds
 v - a potion of lignification
 z - 2 potions of curing
 G - 6 potions of resistance
 I - 2 potions of flight
 L - a potion of attraction


   Skills:
 - Level 10.0 Fighting
 - Level 14.0 Staves
 - Level 0.1(7.6) Slings
 - Level 12.1 Throwing
 - Level 14.4 Armour
 + Level 14.1 Dodging


You had 14 spell levels left.
You didn't know any spells.
Your spell library contained the following spells:

 Spells                   Type           Power      Damage    Failure   Level
 Apportation              Tloc           0%         N/A       75%         1
 Shock                    Conj/Air       0%         1d3       75%         1
 Blink                    Tloc           0%         N/A       86%         2
 Ensorcelled Hibernation  Hex/Ice        0%         N/A       86%         2
 Passwall                 Tmut/Erth      0%         N/A       86%         2
 Sublimation of Blood     Necr           0%         N/A       86%         2
 Wereblood                Tmut           0%         N/A       86%         2
 Confusing Touch          Hex            0%         N/A       97%         3
 Conjure Flame            Conj/Fire      0%         6-21      97%         3
 Dazzling Flash           Conj/Hex       0%         N/A       97%         3
 Ignite Poison            Fire/Tmut/Pois 0%         N/A       97%         3
 Inner Flame              Hex/Fire       0%         N/A       97%         3
 Portal Projectile        Hex/Tloc       0%         N/A       97%         3
 Swiftness                Air            0%         N/A       97%         3
 Iskenderun's Mystic Bla  Conj/Tloc      0%         2d3       100%        4
 Leda's Liquefaction      Hex/Erth       0%         N/A       100%        4
 Passage of Golubria      Tloc           0%         N/A       100%        4
 Petrify                  Tmut/Erth      0%         N/A       100%        4
 Sticky Flame             Conj/Fire      0%         2d3       100%        4
 Blade Hands              Tmut           0%         N/A       100%        5
 Excruciating Wounds      Necr           0%         N/A       100%        5
 Freezing Cloud           Conj/Ice/Air   0%         6-21      100%        5
 Metabolic Englaciation   Hex/Ice        0%         N/A       100%        5
 Yara's Violent Unravell  Hex/Tmut       0%         3d3       100%        5
 Conjure Ball Lightning   Conj/Air       0%         3x3d6     100%        6
 Dispersal                Tloc           0%         N/A       100%        6
 Starburst                Conj/Fire      0%         6d3       100%        6
 Statue Form              Tmut/Erth      0%         N/A       100%        6
 Dragon Form              Tmut           0%         N/A       100%        7
 Enfeeble                 Hex            0%         N/A       100%        7
 Discord                  Hex            0%         N/A       100%        8
 Disjunction              Tloc           0%         N/A       100%        8
 Necromutation            Tmut/Necr      0%         N/A       100%        8
 Polar Vortex             Ice            0%         N/A       100%        9
 Animate Skeleton         Necr           Unusable   N/A       N/A         1
 Summon Small Mammal      Summ           Unusable   N/A       N/A         1
 Call Canine Familiar     Summ           Unusable   N/A       N/A         3
 Simulacrum               Ice/Necr       Unusable   N/A       N/A         6
 Summon Hydra             Summ           Unusable   N/A       N/A         7

Dungeon Overview and Level Annotations

Branches:
Dungeon (15/15)            Temple (1/1) D:5            Lair (6/6) D:10
 Shoals (0/4) Lair:3       Spider (1/4) Lair:4        Slime (0/5) Lair:6
    Orc (2/2) D:12            Elf (0/3) Orc:2        Vaults (0/5) D:14
 Depths (1/4) D:15         Bailey (visited)           IceCv (visited)
Gauntlet (visited)

Altars:
Ashenzari
Cheibriados
Dithmenos
Elyvilon
Fedhas
Gozag
Hepliaklqana
Kikubaaqudgha
Makhleb
Nemelex Xobeh
Okawaru
Qazlal
Ru
Sif Muna
Trog
Uskayaw
Vehumet
Wu Jian
Xom
Yredelemnul
Zin
The Shining One
Beogh
Jiyva

Shops:
D:4 *   D:7 (   D:12 *(   D:13 :=!(*   D:14 ?   Orc:2 =:[!


Innate Abilities, Weirdness & Mutations

You cannot be stealthy.
You cannot study or use magical devices.
You are hated by all.
Your casting is slightly disrupted.
You are somewhat inexperienced. (-2 XL)


Message History

You thump the wolf spider! You freeze the wolf spider.
The wolf spider is heavily wounded.
The jumping spider leaps!
You closely miss the wolf spider.
The wolf spider is heavily wounded.
You redirect the jumping spider's attack!
The wolf spider closely misses you. The wolf spider misses you.
A meliai comes into view. It is wielding a +1 war axe of flaming.
You see here a jumping spider corpse.
The meliai buzzes angrily.
You hit the pharaoh ant. You freeze the pharaoh ant.
The pharaoh ant is lightly damaged.
You hear an angry buzzing noise.
The meliai begins to pray, but is stunned by your conviction!
You completely miss the pharaoh ant.
The pharaoh ant is lightly damaged.
A meliai comes into view.
It is wielding a +1 hand axe of freezing.
The pharaoh ant misses you.
The meliai mumbles some strange prayers to its god against you.
Something smites you!
Your corrosive artefact corrodes you!
The wolf spider hits you! The wolf spider misses you.
You bludgeon the pharaoh ant!! You freeze the pharaoh ant!
The pharaoh ant is almost destroyed.
The pharaoh ant bites you!!
* * * LOW HITPOINT WARNING * * *
The wolf spider is stunned by your conviction and fails to attack.
You feel less exhausted.
The jumping spider begins to attack, but is stunned by your conviction! x2
Things that are here:
a +0 scale mail; a +0 kite shield; a tarantella corpse The jumping spider leaps!
The pharaoh ant bites you but does no damage.
The jumping spider begins to attack, but is stunned by your conviction!
You redirect the meliai's attack!
The meliai calls down the wrath of its god upon you.
Something smites you!
* * * LOW HITPOINT WARNING * * *
The meliai calls down the wrath of its god upon you.
Something smites you!
You die...

....y#..#..###..$
##..##.#...#....#:
#####..#.#....)s...(s.
####.#.##...###y#s# #
#..#....#...##.#†##.#.##
#.....#.###...y[.......#
#...#.......##........##
####..##....#B.##..##..#
###.......#..##@..#.##
..
##.#...#.#######?..###
#.....#### ..#.# #.#..##
###### .##..# ^#..##
....### ### #..##.####
#######.# #.^....#.##
#^#./...###


You could see an orb spider, a pharaoh ant, a jumping spider and 2 meliai.

Vanquished Creatures
  Rupert (Spider:1)
  Asterion (Spider:1)
  Gastronok (Lair:3)
  2 orc warlords
  A minotaur (Gauntlet)
  Snorg (Orc:1)
  A fire dragon (Lair:6)
  7 boulder beetles
  4 ogre magi (Orc:1)
  11 hydras
  3 two-headed ogres
  12 death yaks
  2 tengu warriors
  Urug (D:12)
  2 large abominations (Gauntlet)
  Nergalle (D:12)
  A death drake (shapeshifter) (Gauntlet)
  A fire crab (shapeshifter) (D:15)
  2 steelbarb worms (Spider:1)
  A wizard (D:15)
  2 lindwurms (Lair:3)
  A deep elf pyromancer (D:15)
  9 orc knights
  A deep elf zephyrmancer (D:14)
  3 necromancers
  4 manticores
  6 orc sorcerers
  5 cyclopes
  An oklob plant (Lair:2)
  5 wolf spiders
  11 ugly things
  A black mamba (Lair:6)
  22 elephants
  5 cane toads
  An ice statue (IceCv)
  A torpor snail (Spider:1)
  11 rime drakes (Lair:6)
  5 freezing wraiths (IceCv)
  6 komodo dragons
  2 tengu conjurers
  An efreet (D:15)
  12 ice devils
  An anaconda simulacrum (IceCv)
  An entropy weaver simulacrum (IceCv)
  3 polar bears
  6 tarantellas (Spider:1)
  3 trolls
  6 hornets
  2 dream sheep (Lair:6)
  15 blink frogs
  A raiju (shapeshifter) (D:15)
  9 slime creatures
  3 jumping spiders (Spider:1)
  A culicivora (Spider:1)
  11 spriggans (Lair:6)
  3 small abominations (Gauntlet)
  3 dire elephant simulacra (IceCv)
  A vampire (D:14)
  A shadow (D:10)
  4 wraiths
  6 wyverns
  15 yaks
  A yak (shapeshifter) (D:12)
  3 basilisks
  4 hogs (D:12)
  3 steam dragons
  5 death yak simulacra (IceCv)
  A redback (Spider:1)
  7 wargs
  2 harpy simulacra (IceCv)
  3 acid dragons
  Duvessa (D:5)
  58 orc warriors
  18 water moccasins
  A floating eye (Orc:1)
  A hornet zombie (D:7)
  An ice beast (D:7)
  8 ogres
  9 black bears
  15 boggarts
  40 wolves
  A necrophage (D:6)
  5 kobold brigands
  2 phantoms
  7 centaurs
  Blork the orc (D:6)
  A gnoll sergeant (D:11)
  3 cane toad simulacra (IceCv)
  16 bullfrogs
  A wyvern zombie (D:7)
  2 scorpions
  A water moccasin zombie (D:5)
  Dowan (D:5)
  35 killer bees
  3 elephant simulacra (IceCv)
  An electric eel (Lair:4)
  4 centaur zombies
  2 howler monkeys
  7 hounds
  A jelly (D:6)
  2 centaur skeletons
  16 orc priests
  A bullfrog skeleton (D:5)
  2 gnoll shamans
  Crazy Yiuf (D:3)
  Natasha (thrice) (D:2)
  An iguana (D:7)
  20 orc wizards
  5 polar bear simulacra (IceCv)
  4 wolf simulacra (IceCv)
  2 hound skeletons
  12 adders
  20 gnolls
  2 naga simulacra (IceCv)
  A river rat (D:4)
  5 white imps
  2 ufetubi
  2 worms
  4 dart slugs
  105 orcs
  10 ball pythons
  8 bats
  9 endoplasms
  2 giant cockroaches
  21 goblins
  14 hobgoblins
  5 jackals
  6 quokkas
  7 frilled lizards
  26 kobolds
  6 rats
  A bush (Lair:2)
866 creatures vanquished.

Vanquished Creatures (others)
  Nessos (Orc:2)
  A boulder beetle (Lair:6)
  2 two-headed ogres
  A komodo dragon (Lair:6)
  A tarantella (Spider:1)
  A jumping spider (Spider:1)
  A steam dragon (Lair:6)
  An acid dragon (D:14)
  A water moccasin (Lair:2)
  An orc warrior (Orc:1)
  2 boggarts (D:14)
  A small abomination (Gauntlet)
  2 orc wizards
  A white imp (IceCv)
  3 orcs
  43 fungi
  48 plants
111 creatures vanquished.

Grand Total: 977 creatures vanquished

Notes
Turn   | Place    | Note
-------+----------+-------------------------------------------
     0 | D:1      | Armakuni the Human Gladiator began the quest for the Orb.
     0 | D:1      | Reached XP level 1. HP: 16/16 MP: 1/1
   217 | D:1      | Reached XP level 2. HP: 22/23 MP: 2/2
   575 | D:1      | Reached XP level 3. HP: 17/28 MP: 3/3
  1277 | D:1      | Reached XP level 4. HP: 35/35 MP: 4/4
  1482 | D:2      | Noticed Natasha
  1488 | D:2      | Killed Natasha
  1640 | D:2      | Found a faded altar of an unknown god.
  1775 | D:2      | Reached XP level 5. HP: 41/41 MP: 5/5
  2173 | D:2      | You fall into a shaft and drop 1 floor!
  2186 | D:3      | Got the Handbook of Conjuration and Enchantment
  2569 | D:2      | Noticed Natasha
  2580 | D:2      | Killed Natasha
  2841 | D:2      | Noticed Natasha
  2851 | D:2      | Killed Natasha
  2852 | D:2      | Reached XP level 6. HP: 36/48 MP: 6/6
  3143 | D:3      | Reached skill level 5 in Staves
  3230 | D:3      | Reached skill level 5 in Fighting
  3480 | D:3      | Found a runed translucent door.
  3481 | D:3      | Noticed Crazy Yiuf
  3491 | D:3      | Killed Crazy Yiuf
  3492 | D:3      | Reached skill level 1 in Armour
  3713 | D:3      | Reached XP level 7. HP: 55/56 MP: 7/7
  4154 | D:4      | Found Xuongy Jegoe's Assorted Antiques.
  4443 | D:4      | Reached XP level 8. HP: 62/62 MP: 8/8
  4499 | D:5      | Entered Level 5 of the Dungeon
  4562 | D:5      | Noticed a wraith
  4578 | D:5      | Killed a wraith
  4579 | D:5      | Reached skill level 5 in Dodging
  4842 | D:5      | Reached skill level 5 in Armour
  4931 | D:5      | Reached skill level 1 in Evocations
  4997 | D:5      | Identified the +3 pair of boots of Rotation {Stlth+}
  5178 | D:5      | Found a staircase to the Ecumenical Temple.
  5249 | Temple   | Entered the Ecumenical Temple
  5348 | Temple   | Became a worshipper of Ru the Awakened
  5401 | D:5      | Noticed Dowan
  5403 | D:5      | Noticed Duvessa
  5425 | D:5      | Killed Duvessa
  5440 | D:5      | Killed Dowan
  5441 | D:5      | Reached XP level 9. HP: 54/68 MP: 9/9
  6130 | D:6      | Reached skill level 5 in Evocations
  6456 | D:6      | Noticed Blork the orc
  6463 | D:6      | Killed Blork the orc
  7059 | D:7      | Gained mutation: You are somewhat inexperienced. (-2 XL)
                  | [Ru sacrifice]
  7059 | D:7      | Reached XP level 8. HP: 62/62 MP: 8/8
  7059 | D:7      | Reached XP level 7. HP: 56/56 MP: 7/7
  7059 | D:7      | Reached * piety under Ru
  7059 | D:7      | Reached ** piety under Ru
  7271 | D:7      | Found a shadowy altar of Dithmenos.
  7359 | D:7      | Reached XP level 8. HP: 46/62 MP: 8/8
  7443 | D:4      | Bought a pair of brightly glowing boots for 285 gold pieces
  7443 | D:4      | Identified the +1 pair of boots of the Orb {rN+} (You
                  | bought it in a shop on level 4 of the Dungeon)
  7636 | D:7      | Noticed a two-headed ogre
  7650 | D:7      | Killed a two-headed ogre
  7651 | D:7      | Reached skill level 10 in Staves
  7703 | D:7      | Found Omaofaw's Antique Weapon Emporium.
  8507 | D:9      | Found a flagged portal.
  8527 | Bailey   | Entered a bailey
  8627 | Bailey   | Noticed an orc knight
  8654 | Bailey   | Killed an orc knight
  8681 | Bailey   | Noticed an orc knight
  8696 | Bailey   | Killed an orc knight
  8698 | Bailey   | HP: 3/65 [orc warrior (17)]
  8721 | Bailey   | Reached XP level 9. HP: 27/71 MP: 9/9
  8944 | Bailey   | Noticed an orc warlord
  8944 | Bailey   | Noticed an orc knight
  8962 | Bailey   | Killed an orc warlord
  8979 | Bailey   | Killed an orc knight
  9018 | Bailey   | Identified the +3 scale mail of Nunged {Int-4 Dex+5}
  9051 | Bailey   | Gained mutation: You are hated by all. [Ru sacrifice]
  9051 | Bailey   | Reached *** piety under Ru
  9127 | D:9      | Reached XP level 10. HP: 83/83 MP: 10/10
  9747 | D:10     | Entered Level 10 of the Dungeon
  9820 | D:10     | Reached skill level 10 in Fighting
 10058 | D:10     | Noticed a death yak
 10058 | D:10     | Noticed a death yak
 10059 | D:10     | Found a staircase to the Lair.
 10113 | D:10     | Killed a death yak
 10263 | D:10     | Noticed a death yak
 10290 | D:10     | Killed a death yak
 10298 | D:10     | Noticed a death yak
 10300 | D:10     | Noticed a death yak
 10316 | D:10     | Noticed a death yak
 10336 | D:10     | Killed a death yak
 10341 | D:10     | Killed a death yak
 10357 | D:10     | Killed a death yak
 10394 | D:10     | Killed a death yak
 10395 | D:10     | Reached XP level 11. HP: 81/90 MP: 11/11
 10960 | D:11     | Identified the +1 leather armour of Cyistris {rPois Int+2
                  | Slay+2}
 11378 | D:11     | Noticed a seven-headed hydra
 11390 | D:11     | Killed a seven-headed hydra
 11463 | D:11     | Reached skill level 10 in Armour
 11463 | D:11     | Reached skill level 10 in Dodging
 11665 | D:12     | Noticed Urug
 11684 | D:12     | Killed Urug
 11749 | D:12     | Noticed a six-headed hydra
 11751 | D:12     | Noticed Nergalle
 11755 | D:12     | Killed a six-headed hydra
 11756 | D:12     | Killed Nergalle
 11894 | D:12     | Noticed a boulder beetle
 11939 | D:12     | Killed a boulder beetle
 11969 | D:12     | Found a staircase to the Orcish Mines.
 11973 | D:12     | Found Honul's Weapon Shop.
 12408 | D:12     | Noticed Kirke
 12443 | D:12     | Kirke changed into Kirke the shapeshifter
 12505 | D:12     | Noticed a six-headed hydra
 12510 | D:12     | Killed a six-headed hydra
 12776 | D:12     | Found Veowij's General Store.
 12793 | D:12     | Bought a scroll of brand weapon for 300 gold pieces
 13080 | D:13     | Found Ustosum's Book Shoppe.
 13255 | D:13     | Reached skill level 10 in Evocations
 13278 | D:13     | Found Zil Fosa's Distillery.
 13372 | D:13     | Found a gate leading to a gauntlet.
 13374 | D:13     | Noticed a boulder beetle
 13393 | Gauntlet | Entered a Gauntlet
 13393 | Gauntlet | Found a transporter.
 13393 | Gauntlet | Found a transporter.
 13417 | Gauntlet | Found a transporter.
 13417 | Gauntlet | Found a transporter.
 13426 | Gauntlet | Found a transporter.
 13445 | Gauntlet | Found a transporter.
 13451 | Gauntlet | Found a large runed translucent door.
 13452 | Gauntlet | Found a large runed translucent door.
 13453 | Gauntlet | Found a large runed translucent door.
 13453 | Gauntlet | Found a large runed translucent door.
 13454 | Gauntlet | Found a transporter.
 13455 | Gauntlet | Found a runed translucent gate.
 13456 | Gauntlet | Found a transporter.
 13456 | Gauntlet | Found a transporter.
 13456 | Gauntlet | Found a runed translucent gate.
 13462 | Gauntlet | Found a transporter.
 13468 | Gauntlet | Found a runed translucent gate.
 13470 | Gauntlet | Found a large runed translucent door.
 13471 | Gauntlet | Found a large runed translucent door.
 13475 | Gauntlet | Found a large runed translucent door.
 13476 | Gauntlet | Found a large runed translucent door.
 13482 | Gauntlet | Found a large runed translucent door.
 13482 | Gauntlet | Found a large runed translucent door.
 13482 | Gauntlet | Found a runed translucent door.
 13482 | Gauntlet | Found a runed translucent door.
 13483 | Gauntlet | Found a large runed translucent door.
 13484 | Gauntlet | Found a large runed translucent door.
 13486 | Gauntlet | Found a transporter.
 13506 | Gauntlet | Found a transporter.
 13539 | Gauntlet | Found a transporter.
 13553 | Gauntlet | Found a transporter.
 13656 | Gauntlet | Found a transporter.
 13672 | Gauntlet | Found a transporter.
 13688 | Gauntlet | Found a large runed translucent door.
 13688 | Gauntlet | Found a large runed translucent door.
 13689 | Gauntlet | Found a large runed translucent door.
 13690 | Gauntlet | Found a large runed translucent door.
 13995 | Gauntlet | Reached XP level 12. HP: 92/97 MP: 12/12
 14025 | Gauntlet | Identified the +1 hat of Xom's Envy {Str+4 SInv}
 14088 | Gauntlet | Identified the amulet of Feusk {Faith Dex+2}
 14088 | Gauntlet | Noticed a minotaur
 14095 | Gauntlet | Killed a minotaur
 14105 | Gauntlet | Got the Tome of Transmutation
 14122 | Gauntlet | Got the Almanac of the Voyage
 14428 | D:13     | Found Fiobremp's Antique Weapon Boutique.
 14491 | D:13     | Identified a scroll of acquirement
 14493 | D:13     | Acquired the +3 hat of Larott {rF++ rC++ Int-3}
 14675 | D:13     | Found Kibrakox's Jewellery Shoppe.
 14795 | D:13     | Found Xathremy's Assorted Antiques.
 15362 | D:14     | Found Tusevipn's Magic Scroll Boutique.
 15367 | D:14     | Acquired the +3 warlock's mirror {reflect}
 15367 | D:14     | Found the +3 warlock's mirror {reflect}
 15467 | D:14     | Identified the +1 robe of the Fiddle {rPois Will+ Int+3
                  | Dex-3}
 15716 | D:14     | Found a gate to the Vaults.
 15850 | D:14     | Bought a scroll of enchant weapon for 105 gold pieces
 15850 | D:14     | Bought a scroll of enchant weapon for 105 gold pieces
 16034 | D:15     | Entered Level 15 of the Dungeon
 16127 | D:15     | Identified the +0 robe of the Armadillo {Regen+ Int+2
                  | Slay+6 Stlth-}
 16273 | D:15     | Found a staircase to the Depths.
 16900 | Depths:1 | Entered Level 1 of the Depths
 16900 | Depths:1 | Noticed a frost giant
 16993 | Orc:1    | Entered Level 1 of the Orcish Mines
 17062 | Orc:1    | Noticed an orc warlord
 17139 | D:12     | Killed an orc warlord
 17317 | Orc:1    | Paralysed by a floating eye for 3 turns
 17326 | Orc:1    | Reached XP level 13. HP: 103/103 MP: 13/13
 17342 | Orc:1    | Paralysed by an ogre mage for 6 turns
 17352 | Orc:1    | Reached skill level 5 in Throwing
 17516 | Orc:1    | Gained mutation: You cannot study or use magical devices.
                  | [Ru sacrifice]
 17516 | Orc:1    | Reached **** piety under Ru
 17516 | Orc:1    | Reached ***** piety under Ru
 17529 | Orc:2    | Entered Level 2 of the Orcish Mines
 17668 | Orc:2    | Found a staircase to the Elven Halls.
 17671 | Orc:2    | Noticed Nessos
 17702 | Orc:2    | Killed Nessos
 18598 | Orc:2    | Found Bodghenups's Distillery.
 18598 | Orc:2    | Found Agreqen's Antique Armour Shop.
 18604 | Orc:2    | Bought a potion of heal wounds for 55 gold pieces
 18752 | Orc:2    | Found Wuittam's Book Shoppe.
 18830 | Orc:2    | Found Rooritt's Jewellery Shop.
 19120 | Orc:1    | Noticed Snorg
 19134 | Orc:1    | Killed Snorg
 19255 | Orc:2    | Bought the +0 pair of fencer's gloves {Riposte Dex+3} for
                  | 1320 gold pieces
 19255 | Orc:2    | Found the +0 pair of fencer's gloves {Riposte Dex+3}
 19412 | Lair:1   | Entered Level 1 of the Lair of Beasts
 19429 | Lair:1   | Gained mutation: Your casting is slightly disrupted. [Ru
                  | sacrifice]
 20252 | Lair:1   | Reached skill level 10 in Throwing
 21672 | Lair:3   | Found a frozen archway.
 21699 | IceCv    | Entered an ice cave
 21754 | IceCv    | Reached XP level 14. HP: 100/110 MP: 14/14
 22001 | IceCv    | Found an ancient bone altar of Kikubaaqudgha.
 22186 | IceCv    | Identified the ring of Qyuff {Contam *Corrode rN+ Dex+8
                  | SInv}
 22578 | Lair:3   | Noticed Gastronok
 22596 | Lair:3   | Killed Gastronok
 22678 | Lair:3   | Found a staircase to the Shoals.
 23997 | Lair:4   | Found a hole to the Spider Nest.
 25177 | Lair:6   | Entered Level 6 of the Lair of Beasts
 25628 | Lair:6   | Found a staircase to the Slime Pits.
 25965 | Lair:6   | Reached XP level 15. HP: 112/115 MP: 15/15
 25973 | Lair:6   | Gained mutation: You cannot be stealthy. [Ru sacrifice]
 25973 | Lair:6   | Reached ****** piety under Ru
 26516 | Spider:1 | Entered Level 1 of the Spider Nest
 26943 | Spider:1 | Noticed Rupert
 26953 | Spider:1 | Killed Rupert
 27047 | Spider:1 | Noticed Asterion
 27071 | Spider:1 | Killed Asterion
 27100 | Spider:1 | Killed from afar by a meliai

Illustrated notes

Levels and vault maps discovered:
D:1:      minmay_arrival_open_corners, layout_loops_ring, minmay_tetromino_i2
D:2:      layout_basic, nicolae_ecumenical_snake_handling, uniq_natasha
D:3:      layout_loops_ring, minmay_randomly_rotated_circles,
          uniq_crazy_yiuf_cottage
D:4:      layout_basic, serial_shops, shop, kennysheep_generic_room_13
D:5:      layout_loops_ring, minmay_temple_entry_enclosed_plants, uniq_duvessa
D:6:      layout_basic, minmay_diced_spiral, uniq_blork_the_orc
D:7:      layout_loops_ring, mainiacjoe_overflow_cross_hatched, serial_shops,
          nicolae_shop_window_shopping
D:8:      layout_cave_pools
D:9:      layout_loops_ring, enter_bailey_3
D:10:     layout_irregular_city, dpeg_lair_monsters
D:11:     layout_gridville, minivault_1, kennysheep_nondescript,
          minmay_misc_feat_rugged, solitary_fountain
D:12:     layout_layer_cave, orc_david_3, serial_shops, shop_statue,
          uniq_nergalle, uniq_urug, uniq_kirke
D:13:     layout_long_grid, gauntlet_entry_generic, serial_shops,
          kennysheep_little_box, nicolae_shop_hallway_stairs,
          nicolae_shop_trees, shop, nicolae_stop_n_shop_1, grunt_decor_junction
D:14:     layout_irregular_city, david_vaults_1, serial_shops, shop,
          chequers_serial_rivers_micro_d, nicolae_benzene_ring,
          hangedman_decor_riveting
D:15:     grunt_enter_depths_magical_seal, layout_long_grid
Temple:   compressed_dpeg_triangle_lava_temple
Lair:1:   layout_loops_ring, nzn_random_ring
Lair:2:   wad_woods_minihive, layout_loops_ring, chequers_serial_rivers_micro_d,
          minmay_lair_oklob_bushes
Lair:3:   layout_cave_pods, minmay_shoals_entry_centaurs,
          portal_ice_cave_entry_pillars_2, nicolae_lair_lindhole,
          grunt_megastairs_1, uniq_gastronok
Lair:4:   layout_regular_city, spider_nest_entry_web_field,
          serial_bayou_shore_a, infiniplex_staircase_pool, serial_bayou_shore_b,
          grunt_megastairs_4
Lair:5:   layout_regular_city
Lair:6:   minmay_lair_end_enchanted_forest, layout_regular_city, slime_altar_1,
          st_stairs_4, bobbens_dragon_lair_wall, infiniplex_staircase_pool_2
Spider:1: layout_spider_delve, uniq_asterion, uniq_rupert
Orc:1:    hellmonk_paralyzer, layout_diamond_mine, basic_altar, uniq_snorg
Orc:2:    st_orc_town, layout_caves, special_room, uniq_nessos
Depths:1: layout_big_octagon, enter_ziggurat_f, hangedman_coc_ice_floe,
          grunt_pan_entry_sceptre, nemelex_diamond_rough_becter

Skill      XL: |  1  2  3  4  5  6  7  8  9 10 11 12 13 14 15 |
---------------+----------------------------------------------+-----
Fighting       | 3 4 5 6 9 10 | 10.0
Staves         | 4 5 9 12 8 14 | 14.0
Armour         | 1 3 5 7 9 10 12 13 14 | 14.4
Dodging        | 4 5 7 9 10 12 14 | 14.1
Evocations     | 3 5 10 0 |  0.0
Throwing       | 4 10 12 | 12.1
Slings         | |  0.1

Action                   |  1- 3 |  4- 6 |  7- 9 | 10-12 | 13-15 || total
-------------------------+-------+-------+-------+-------+-------++-------
Melee: Quarterstaff      |    82 |   198 |   559 |  1114 |  1822 ||  3775
Throw: Throwing net      |       |     3 |     5 |     1 |     2 ||    11
       Dart              |       |       |    11 |    24 |     5 ||    40
       Javelin           |       |       |       |       |    22 ||    22
       Boomerang         |       |       |       |       |    52 ||    52
Invok: Sacrifice Experie |       |       |     1 |       |       ||     1
       Sacrifice Love    |       |       |     1 |       |       ||     1
       Reject Sacrifices |       |       |       |     1 |     1 ||     2
       Draw Out Power    |       |       |       |     1 |     3 ||     4
       Power Leap        |       |       |       |       |     2 ||     2
       Sacrifice Essence |       |       |       |       |     1 ||     1
       Sacrifice Artific |       |       |       |       |     1 ||     1
       Apocalypse        |       |       |       |       |     2 ||     2
       Sacrifice Stealth |       |       |       |       |     1 ||     1
Evoke: Wand              |       |     1 |    10 |    30 |     2 ||    43
  Use: Scroll            |       |     2 |    15 |    20 |     3 ||    40
       Potion            |       |       |     2 |     5 |       ||     7
 Stab: Held in net/web   |       |     2 |     2 |       |     4 ||     8
       Paralysed         |       |     1 |     7 |    31 |     2 ||    41
       Confused          |       |       |     2 |       |       ||     2
       Sleeping          |       |       |     7 |     1 |     4 ||    12
       Invisible         |       |       |     2 |     8 |    16 ||    26
       Petrifying        |       |       |       |     1 |     1 ||     2
       Petrified         |       |       |       |     3 |     6 ||     9
       Distracted        |       |       |       |       |     5 ||     5
Armor: Leather armour    |    21 |    16 |   141 |       |       ||   178
       Ring mail         |       |    50 |    31 |       |       ||    81
       Scale mail        |       |       |     5 |   405 |   739 ||  1149
       Acid dragon scale |       |       |       |    76 |       ||    76
Dodge: Dodged            |    47 |   112 |   254 |   470 |  1102 ||  1985
Block: Other             |       |       |    61 |       |       ||    61
       Reflection        |       |       |     2 |       |       ||     2
       Rpst.: Quarterstaff |       |       |       |       |   190 ||   190
